AoeStats
← 凉拌皮蛋

African Clearing

504029148Analyzed
4v4 RM · 28d ago on Sep 3, 2026· 41m 52s· 8 players
Game mode
Random Map
Map size
Large (8 player)
Population
200
Speed
Normal
Resources
Standard
Victory
Conquest
Starting age
Dark Age
Ending age
Imperial Age
RankedLock teamsTeams togetherTeam positionsShared explorationLock speedFull tech treeHidden civsTurbo modeCheats
Victory
Defeat
🇲🇾 Huns · Malaysia
1779
+11
🇩🇪 Goths · Germany
1758
+12
🇨🇳 Japanese · China
1738
+13
🇩🇰 Turks · Denmark
1708
+14
🇨🇳 Bohemians · China
1961
-24
🇪🇸 Cumans · Spain
1639
-11
🇪🇸 Wu · Spain
1541
-8
🇨🇳 Shu · China
1519
-7
CNZS_HiFive
12:43 Feudal Age
16:15 Castle Age
14:03 Loom
14:39 Stone Mining
15:56 Double-Bit Axe
17:30 Fletching
24:51 Bodkin Arrow
25:29 Horse Collar
32:28 Scale Mail Armor
36:38 Chain Mail Armor
41:17 Bow Saw
42:58 Wheelbarrow
42:25 Heavy Plow
B3rserk
12:54 Feudal Age
14:13 Double-Bit Axe
16:33 Castle Age
15:52 Horse Collar
16:00 Loom
17:32 Bow Saw
22:47 Scale Barding Armor
25:42 Husbandry
26:46 Bloodlines
27:24 Forging
28:47 Chain Barding Armor
29:58 Wheelbarrow
31:01 Light Cavalry
41:11 Imperial Age
39:31 Fletching
40:35 Bodkin Arrow
41:56 Bracer
CristinaLover
12:45 Loom
15:09 Feudal Age
18:40 Castle Age
16:44 Double-Bit Axe
17:05 Fletching
19:44 Bodkin Arrow
21:57 Bow Saw
22:31 Horse Collar
26:43 Ballistics
26:43 Heavy Plow
28:26 Bloodlines
28:18 Husbandry
32:07 Bloodlines
32:52 Wheelbarrow
33:06 Town Watch
33:31 Padded Archer Armor
33:59 Thumb Ring
38:06 Imperial Age
38:07 Sipahi
38:15 Hand Cart
38:41 Stone Mining
38:42 Gold Mining
39:00 Bracer
38:45 Treadmill Crane
40:21 Parthian Tactics
40:11 Leather Archer Armor
41:02 Heavy Cavalry Archer
[o.p.]Oliver_Khan
8:28 Loom
12:58 Feudal Age
13:34 Double-Bit Axe
13:36 Town Watch
16:30 Castle Age
16:22 Fletching
20:05 Bow Saw
21:34 Gold Mining
21:27 Horse Collar
23:42 Bodkin Arrow
25:31 Wheelbarrow
26:34 Gold Mining
26:59 Husbandry
28:24 Hand Cart
30:05 Ballistics
32:45 Imperial Age
30:49 Anarchy
31:15 Heavy Plow
32:01 Squires
32:02 Scale Mail Armor
33:02 Chain Mail Armor
33:03 Elite Huskarl
34:26 Chain Mail Armor
35:41 Chemistry
35:53 Forging
37:20 Iron Casting
39:27 Blast Furnace
38:15 Pikeman
39:09 Halberdier
41:56 Conscription
Pelopincho
4:17 Loom
12:12 Feudal Age
13:03 Double-Bit Axe
14:51 Town Watch
15:07 Horse Collar
20:08 Wheelbarrow
20:57 Fletching
25:24 Castle Age
30:16 Hand Cart
30:25 Bloodlines
30:22 Scale Barding Armor
31:20 Forging
32:22 Bow Saw
32:14 Heavy Plow
32:08 Gold Mining
33:34 Gold Shaft Mining
37:36 Imperial Age
36:10 Chain Barding Armor
36:35 Iron Casting
37:41 Cavalier
39:06 Plate Barding Armor
40:09 Crop Rotation
41:38 Blast Furnace
TandemTooth
14:24 Feudal Age
15:37 Loom
18:19 Castle Age
16:47 Double-Bit Axe
18:11 Scale Mail Armor
19:15 Bow Saw
19:22 Squires
33:01 Wheelbarrow
32:17 Horse Collar
35:46 Chain Mail Armor
35:42 Fletching
凉拌皮蛋
7:27 Loom
13:57 Feudal Age
17:58 Castle Age
16:14 Double-Bit Axe
16:24 Fishing Lines
19:28 Fletching
20:10 Bodkin Arrow
20:30 Bow Saw
20:30 Gillnets
21:43 Horse Collar
25:06 Ballistics
24:12 Crossbowman
25:10 Padded Archer Armor
27:30 Town Watch
28:21 Wheelbarrow
29:01 Heavy Plow
29:19 Stone Mining
29:19 Gold Mining
30:38 Gold Shaft Mining
31:27 Hand Cart
31:59 Leather Archer Armor
32:11 Town Patrol
34:15 Scale Mail Armor
34:26 Forging
36:56 Imperial Age
34:34 Squires
35:31 Pikeman
37:03 Coiled Serpent Array
37:12 Scale Mail Armor
37:23 Forging
38:08 Chain Mail Armor
37:26 Elite White Feather Guard
41:50 Chemistry
_LY_lyx
10:03 Loom
12:29 Feudal Age
13:10 Town Watch
16:07 Castle Age
14:02 Double-Bit Axe
17:03 Bow Saw
16:58 Horse Collar
22:10 Fervor
23:30 Sanctity
26:22 Redemption
28:37 Fletching
Connection lost

Rejoining the realm…

Still unreachable

The connection could not be restored.

Session expired

The server has moved on; the page needs a fresh start.